 Dungeon Sprint DCSS version 0.32-a0-450-g080537f31e (webtiles) character file.

Game seed: 16294079169270770521

3066 fingers the Peltast (level 10, -2/86 HPs)
             Began as a Formicid Fighter on Feb 23, 2024.
             Was a Believer of Uskayaw.
             Slain by a death scarab (13 damage)
             ... summoned by a royal mummy
             ... in the Dungeon (Sprint V: "Ziggurat Sprint").
             The game lasted 00:03:25 (500 turns).

fingers the Peltast (Formicid Fighter)               Turns: 500, Time: 00:03:25

Health: -2/86      AC: 29    Str: 25    XL:     10   Next: 12%
Magic:  10/10      EV:  7    Int:  7    God:    Uskayaw [**....]
Gold:   0          SH: 38    Dex: 23    Spells: 9/9 levels left

rFire   . . .        B - +11 plutonium sword {^Contam Stlth-}
rCold   . . .        A - +18 shield of the Gong {Loud rN+ Will+ rCorr EV-5}
rNeg    + . .        z - +15 Maxwell's patent armour {-Cast -Tele rElec Will+ rCorr, HEAVY ARMOR}
rPois   .            (helmet unavailable)
rElec   +            (no cloak)
rCorr   +            (no gloves)
SInv    +            (no boots)
Will    +++..        J - amulet of reflection Stlth
                     t - +6 ring of dexterity
HPRegen 0.34/turn    G - ring "Iphixt" {EV+5 Str+3}
MPRegen 0.12/turn

%: no spellcasting, reflection
@: studying Spellcasting
A: permanent stasis, dig shafts and tunnels, antennae 3, four strong arms
a: Dig, Renounce Religion, Stomp, Line Pass


You were in the Dungeon.
You worshipped Uskayaw.
Uskayaw was noncommittal.
You visited 1 branch

Inventory:

Hand Weapons
 a - a +0 long sword
 B - the +11 plutonium sword (weapon) {^Contam Stlth-}
   (You found it in the Dungeon)

   ^Contam:   It causes magical contamination when unequipped.
   Stlth-:    It makes you less stealthy.
 C - the +9 sword of Power {lifebolt}
   (You found it in the Dungeon)
Armour
 b - a +0 scale mail
 c - a +0 buckler
 z - the +15 Maxwell's patent armour (worn) {-Cast -Tele rElec Will+ rCorr, HEAVY ARMOR}
   (You found it in the Dungeon)

   rElec:     It insulates you from electricity.
   Will+:     It increases your willpower.
   -Cast:     It prevents spellcasting.
   -Tele:     It prevents most forms of teleportation.
   rCorr:     It protects you from acid and corrosion.
 A - the +18 shield of the Gong (worn) {Loud rN+ Will+ rCorr EV-5}
   (You found it in the Dungeon)

   Loud:      It is deafeningly noisy when blocking attacks.
   EV-5:      It affects your evasion (-5).
   rN+:       It protects you from negative energy.
   Will+:     It increases your willpower.
   rCorr:     It protects you from acid and corrosion.
 F - a +2 helmet of see invisible
Jewellery
 s - a ring of flight
 t - a +6 ring of dexterity (left hand)
 u - a +6 ring of dexterity
 v - a +6 ring of intelligence
 w - a +6 ring of intelligence
 x - a +6 ring of strength
 y - a +6 ring of strength
 E - an amulet of faith
 G - the ring "Iphixt" (right hand) {EV+5 Str+3}
   (You found it in the Dungeon)

   [ring of evasion]

   EV+5:      It affects your evasion (+5).
   Str+3:     It affects your strength (+3).
 H - a ring of willpower
 J - an amulet of reflection (around neck)
Wands
 p - a wand of mindburst (7)
 q - a wand of iceblast (7)
 r - a wand of light (6)
 I - a wand of flame (12)
 K - a wand of digging (9)
Scrolls
 l - 4 scrolls of amnesia
 m - 7 scrolls of fog
 n - 5 scrolls of identify
 o - 2 scrolls of fear
Potions
 d - 5 potions of might
 e - 10 potions of curing
 f - 9 potions of heal wounds
 g - 7 potions of magic
 h - 2 potions of brilliance
 i - 2 potions of invisibility
 j - 2 potions of resistance
 k - a potion of experience
Miscellaneous
 D - a box of beasts (inert)


   Skills:
 + Level 10.7 Fighting
 * Level 14.3 Long Blades
 + Level 9.5 Armour
 + Level 5.4 Stealth
 + Level 15.1 Shields
 + Level 1.8 Evocations


You had 9 spell levels left.
You didn't know any spells.
Your spell library contained the following spells:

 Spells                   Type           Power      Damage    Failure   Level
 Sting                    Conj/Alch      0%         1d3       100%        1
 Mercury Vapours          Alch/Air       0%         N/A       100%        2
 Anguish                  Hex/Necr       0%         N/A       100%        4
 Cause Fear               Hex            0%         N/A       100%        4
 Olgreb's Toxic Radiance  Alch           0%         N/A       100%        4
 Freezing Cloud           Conj/Ice/Air   0%         6-21      100%        5


Dungeon Overview and Level Annotations

Branches:
Dungeon (1/1)

Altars:
Ashenzari
Cheibriados
Dithmenos
Elyvilon
Fedhas
Gozag
Hepliaklqana
Kikubaaqudgha
Makhleb
Nemelex Xobeh
Okawaru
Qazlal
Ru
Sif Muna
Trog
Uskayaw
Vehumet
Wu Jian
Xom
Yredelemnul
Zin
The Shining One
Beogh
Jiyva
Lugonu

Annotations:
D 1 transporter


Innate Abilities, Weirdness & Mutations

You cannot be hasted, slowed, berserked, paralysed or teleported.
You can dig through walls and to a lower floor.
You have a pair of large antennae on your head. (SInv)
Your four strong arms can wield two-handed weapons with a shield.


Message History

SHROANNG!
The death scarab bites you! The death scarab drains your vigour!
Your stasis prevents you from being slowed.
The death scarab draws strength from your injuries!
You block the death scarab's attack.
GONNNNG!
You block the death scarab's attack.
GONNNNG!
The death scarab bites you!
The death scarab draws strength from your injuries!
The death scarab bites you!!
The death scarab draws strength from your injuries!
The mummy hits your juvenile batweird beast but does no damage.
The mummy priest mumbles some strange prayers to its god.
Send 'em back where they came from!
Your juvenile batweird beast shudders.
You feel much better. You block the death scarab's attack.
PANG!
You block the death scarab's attack.
BONNNG!
You block the death scarab's attack.
PANG!
The death scarab bites you but does no damage.
The death scarab bites you. The death scarab drains your vigour!
Your stasis prevents you from being slowed.
The death scarab draws strength from your injuries!
The death scarab bites you!
* * * LOW HITPOINT WARNING * * *
The death scarab draws strength from your injuries!
Your juvenile batweird beast hits the mummy.
Your juvenile batweird beast grabs the mummy.
Your juvenile batweird beast constricts the mummy.
The death scarab barely misses you. The death scarab bites you!
* * * LOW HITPOINT WARNING * * *
The death scarab draws strength from your injuries!
The guardian mummy hits you.
* * * LOW HITPOINT WARNING * * *
The death scarab bites you!
You die...
Your body falls in perfect tune with the rhythm.

▓▓▓▓▓▓▓▓▓▓▓▓▓▓▓▓▓▓▓
▓...ß©ß...▓..ß©ß..▓
▓..)::)...▓...)[..▓
▓...M/=...▓..)....▓
▓....W....▓.......▓
▓...M.zM..▓.......▓
▓...MM.H..▓..).)..▓
▓..MMBB...▓...))..▓
▓.▓..@BB▓.▓.▓)).▓.▓
▓....BB...▓...©...▓
▓▓▓▓▓▓▓▓▓▓▓▓▓▓▓▓▓▓▓
▓..ß©ß..▓


{{{{{ ▓..).|..▓ {{{ ▓...|)..▓ ▓.......▓ ▓.......▓ ▓...))..▓ You could see a
royal mummy, a mummy priest, a guardian mummy, a freezing wraith (summoned), 6
death scarabs, 4 mummies, a wight (summoned) and a friendly juvenile batweird
beast (summoned).

Vanquished Creatures
  A white draconian (D)
  3 draconians (D)
  A jumping spider (D)
  2 fire elementals (D)
  A hell hound (D)
  3 orc warriors (D)
  A phantom (D)
  A brain worm (D)
  A scorpion (D)
  A crimson imp (D)
  4 orc priests (D)
  An iron imp (D)
  2 orc wizards (D)
  2 adder zombies (D)
  An adder skeleton (D)
  2 orcs (D)
27 creatures vanquished.

Vanquished Creatures (collateral kills)
  A draconian (D)
1 creature vanquished.

Vanquished Creatures (others)
  2 fire vortices (D)
2 creatures vanquished.

Grand Total: 30 creatures vanquished

Notes
Turn   | Place    | Note
-------+----------+-------------------------------------------
     0 | D        | fingers the Formicid Fighter began the quest for the Orb.
     0 | D        | Reached XP level 1. HP: 18/18 MP: 1/1
     0 | D        | Found a shimmering blue altar of Sif Muna.
     0 | D        | Found a bloodstained altar of Trog.
     0 | D        | Found a sacrificial altar of Ru.
     0 | D        | Found a stormy altar of Qazlal.
     0 | D        | Found an iron altar of Okawaru.
     1 | D        | Found a sparkling altar of Nemelex Xobeh.
     1 | D        | Found a blossoming altar of Fedhas.
     1 | D        | Found the +6 Majin-Bo {spellvamp, MP+6 Int+6}
     1 | D        | Found the +27 heavy crossbow "Sniper" {heavy, Acc+∞ SInv}
     1 | D        | Found the +10 dark maul {heavy}
     1 | D        | Found the +15 Maxwell's patent armour {-Cast -Tele rElec
                  | Will+ rCorr}
     1 | D        | Found the +18 shield of the Gong {Loud rN+ Will+ rCorr
                  | EV-5}
     1 | D        | Found the +16 obsidian axe {drain, demonic, Mesm ^Drain Fly
                  | SInv}
     1 | D        | Found the +7 great mace "Firestarter" {flame, immolate,
                  | rFlCloud rF++}
     1 | D        | Found the +6 shillelagh "Devastator" {shatter}
     1 | D        | Found the +11 plutonium sword {^Contam Stlth-}
     1 | D        | Found the +8 lance "Wyrmbane" {slay drac, rPois rF+ rC+
                  | AC+3}
     1 | D        | Found the +9 sword of Zonguldrok {reap}
     1 | D        | Found the +13 scythe of Curses {drain, curses, ^Drain}
     1 | D        | Found the +9 sword of Power {lifebolt}
     1 | D        | Found the +7 mace of Variability {chaos, chaos arc}
     1 | D        | Found the +11 Singing Sword {sonic wave}
     1 | D        | Found the +8 storm bow {elec, penet}
     3 | D        | Found a transporter.
     3 | D        | Found an ancient bone altar of Kikubaaqudgha.
     3 | D        | Found a viscous altar of Jiyva.
     3 | D        | Found a corrupted altar of Lugonu.
     3 | D        | Found a hazy altar of Hepliaklqana.
     3 | D        | Found a burning altar of Makhleb.
     3 | D        | Found an opulent altar of Gozag.
    57 | D        | Became a worshipper of Uskayaw the Reveller
    76 | D        | Entered arena 2.
    76 | D        | Noticed a jumping spider
    76 | D        | Noticed a scorpion
    76 | D        | Found a transporter.
    79 | D        | Killed a scorpion
    79 | D        | Reached * piety under Uskayaw
    80 | D        | Reached skill level 5 in Fighting
    80 | D        | Reached skill level 5 in Armour
    80 | D        | Reached skill level 6 in Shields
    80 | D        | Reached XP level 2. HP: 27/27 MP: 2/2
    80 | D        | Reached XP level 3. HP: 33/33 MP: 3/3
    80 | D        | Reached XP level 4. HP: 39/39 MP: 4/4
    82 | D        | Killed a jumping spider
    82 | D        | Reached ** piety under Uskayaw
    83 | D        | Reached skill level 5 in Long Blades
    83 | D        | Reached skill level 9 in Shields
    83 | D        | Reached XP level 5. HP: 48/48 MP: 5/5
    83 | D        | Reached XP level 6. HP: 55/55 MP: 6/6
    86 | D        | Got the Anthology of the Glacier and Fascination
    90 | D        | Entered arena 3.
    90 | D        | Found a transporter.
   107 | D        | Entered arena 4.
   107 | D        | Noticed a fire elemental
   107 | D        | Noticed a fire elemental
   107 | D        | Found a transporter.
   113 | D        | Killed a fire elemental
   114 | D        | Reached skill level 10 in Shields
   114 | D        | Reached XP level 7. HP: 36/63 MP: 7/7
   116 | D        | Killed a fire elemental
   116 | D        | Reached *** piety under Uskayaw
   117 | D        | Reached skill level 11 in Shields
   207 | D        | Entered arena 5.
   207 | D        | Noticed a hell hound
   207 | D        | Found a transporter.
   211 | D        | Killed a hell hound
   214 | D        | Reached XP level 8. HP: 71/71 MP: 3/8
   226 | D        | Entered arena 6.
   226 | D        | Found a transporter.
   229 | D        | Reached skill level 12 in Shields
   236 | D        | Reached **** piety under Uskayaw
   376 | D        | Got the ring "Iphixt" {EV+5 Str+3}
   386 | D        | Entered arena 7.
   386 | D        | Noticed a draconian
   386 | D        | Noticed a white draconian
   386 | D        | Noticed a draconian
   386 | D        | Noticed a draconian
   386 | D        | Noticed a draconian
   386 | D        | Noticed a draconian
   392 | D        | Killed a draconian
   393 | D        | Reached skill level 1 in Stealth
   393 | D        | Found a transporter.
   397 | D        | Killed a draconian
   398 | D        | Killed a white draconian
   399 | D        | Reached skill level 10 in Fighting
   399 | D        | Reached skill level 14 in Shields
   399 | D        | Reached skill level 1 in Evocations
   399 | D        | Reached XP level 9. HP: 66/79 MP: 9/9
   402 | D        | Reached ***** piety under Uskayaw
   404 | D        | a draconian changed into a brain worm
   407 | D        | Killed a draconian
   408 | D        | Killed a draconian
   408 | D        | Reached ****** piety under Uskayaw
   409 | D        | Reached skill level 5 in Stealth
   463 | D        | Entered arena 8.
   464 | D        | Found a transporter.
   467 | D        | Reached XP level 10. HP: 86/86 MP: 10/10
   471 | D        | Reached skill level 15 in Shields
   494 | D        | Entered arena 9.
   494 | D        | Found the ring of the Mage {Wiz Archmagi}
   494 | D        | Noticed a mummy priest
   494 | D        | Noticed a royal mummy
   495 | D        | Noticed a death scarab
   495 | D        | Noticed a death scarab
   495 | D        | Found a transporter.
   495 | D        | Noticed a death scarab
   495 | D        | Noticed a death scarab
   497 | D        | Noticed a freezing wraith
   498 | D        | Noticed a death scarab
   498 | D        | Noticed a death scarab
   498 | D        | Noticed a death scarab
   500 | D        | Slain by a death scarab

Illustrated notes

Levels and vault maps discovered:
D:        sprint_v [room_start, room_1, room_2, room_3, room_4, room_5, room_6,
          room_7, room_8, room_9, room_10, room_11, room_12, room_13, room_14,
          room_15, room_16, room_17, room_18, room_19, room_20, room_21,
          room_22, room_23, room_24, room_25, room_26, room_27]

Skill      XL: |  1  2  3  4  5  6  7  8  9 10 |
---------------+-------------------------------+-----
Fighting       | 5 7 8 9 10 | 10.7
Long Blades    | 3 5 7 8 12 13 14 | 14.3
Armour         | 5 7 8 9 |  9.5
Shields        | 6 9 10 11 14 15 | 15.1
Stealth        | 4 5 |  5.4
Evocations     | 1 |  1.8

Action                     |  1- 3 |  4- 6 |  7- 9 | 10-12 || total
---------------------------+-------+-------+-------+-------++-------
  Melee: Triple sword      |     2 |    12 |    35 |     8 ||    57
 Invoke: Line Pass         |       |       |     1 |       ||     1
  Evoke: Box of beasts     |       |     1 |     1 |     1 ||     3
         Wand              |       |       |     1 |       ||     1
    Use: Potion            |       |       |     3 |     1 ||     4
   Stab: Confused          |       |       |     1 |       ||     1
         Paralysed         |       |       |     3 |     2 ||     5
 Armour: Plate armour      |       |    13 |    25 |    10 ||    48
  Dodge: Dodged            |     1 |       |     3 |     2 ||     6
  Block: Kite shield       |     8 |    21 |    71 |    20 ||   120

Table legend: (Time is in decaauts)
 A = Elapsed time spent in this place.
 B = Non-inter-level travel time spent in this place.
 C = Inter-level travel time spent in this place.
 D = Time resting spent in this place.
 E = Time spent auto-exploring this place.
 F = Levels seen in this place.
 G = Mean time per level.
                   A        B        C        D        E       F      G
               +--------+--------+--------+--------+--------+-----+--------+
         Total |    520 |    520 |      0 |      0 |    257 |   1 |  520.0 |
       Dungeon |    520 |    520 |      0 |      0 |    257 |   1 |  520.0 |
               +--------+--------+--------+--------+--------+-----+--------+

Top non-repeatable levels by time:
       D: 520 daAuts
